 Dungeon Crawl Stone Soup version 0.26.1-15-g04117e645d (webtiles) character file.

Game seed: 17988848539776116911

1503 Froggeryz the Slicer (level 8, 0/52 HPs)
             Began as an Octopode Berserker on Mar 2, 2022.
             Was an Elder of Trog.
             Hit by a boomerang thrown by a gnoll (9 damage)
             ... on level 6 of the Dungeon.
             The game lasted 00:05:34 (6692 turns).

Froggeryz the Slicer (Octopode Berserker)           Turns: 6692, Time: 00:05:34

Health: 0/52       AC:  1    Str: 16    XL:     8   Next: 82%
Magic:  8/8        EV: 14    Int:  9    God:    Trog [****..]
Gold:   289        SH:  0    Dex: 14    Spells: 7/7 levels left

rFire    + . .     SeeInvis .   l - +1 dagger (speed)
rCold    . . .     Faith    .   (no shield)
rNeg     . . .     Spirit   .   (helmet restricted)
rPois    .         Reflect  .   (no amulet)
rElec    .         Harm     .   d - ring of protection from fire
rCorr    .         Rampage  .   (no ring)
Will     .....                  (no ring)
Stlth    ++++......             (no ring)
HPRegen  0.17/turn              (no ring)
MPRegen  0.11/turn              (no ring)
                                (no ring)
                                (no ring)

@: no status effects
A: almost no armour, stealthy swim, amphibious, 8 rings, constrict 8, camouflage
1, gelatinous body 1
a: Renounce Religion, Berserk, Trog's Hand, Brothers in Arms


You were on level 6 of the Dungeon.
You worshipped Trog.
Trog was greatly pleased with you.
You visited 1 branch of the dungeon, and saw 6 of its levels.
You also visited: Ossuary.

You collected 289 gold pieces.

Inventory:

Hand Weapons
 l - a +1 dagger of speed (weapon)
Missiles
 p - 6 boomerangs
 s - 19 poisoned darts
Armour
 r - a +0 buckler
Jewellery
 d - a ring of protection from fire (left tentacle)
Wands
 q - a wand of acid (6)
 u - a wand of flame (16)
Scrolls
 b - 5 scrolls of enchant weapon
 c - a scroll of noise {unknown}
 g - a scroll of silence {unknown}
 j - a scroll of immolation
 m - 3 scrolls of remove curse
 n - 3 scrolls of magic mapping
 t - 2 scrolls of fog
 v - 2 scrolls of teleportation {unknown}
Potions
 a - a potion of curing {unknown}
 e - 2 potions of heal wounds
 f - 2 potions of resistance {unknown}
 h - 4 potions of might {unknown}
 i - 4 potions of attraction
 k - 2 potions of degeneration {unknown}
 o - 3 potions of brilliance {unknown}
 w - 2 potions of haste {unknown}


   Skills:
 - Level 3.0 Fighting
 * Level 9.3 Short Blades
 - Level 3.0 Dodging
 - Level 5.0 Stealth
 + Level 4.5 Shields


You had 7 spell levels left.
You didn't know any spells.
Your spell library was empty.

Dungeon Overview and Level Annotations

Branches:
Dungeon (6/15)            Ossuary (visited)
 Temple: D:4-7

Altars:
Dithmenos
Makhleb
Nemelex Xobeh
Qazlal
Ru
Trog
Xom
The Shining One

Annotations:
D:3 1 runed translucent door, murcat's ghost, amateur DEFE


Innate Abilities, Weirdness & Mutations

You cannot wear most types of armour.
You are very stealthy in the water. (Stealth+)
You are amphibious.
You can wear up to eight rings at the same time.
You can use your tentacles to constrict eight enemies at once.
Your skin changes colour to match your surroundings (Stealth+).
Your rubbery body absorbs attacks. (AC +1, EV +1)


Message History

You hit the gnoll. You squeeze the gnoll.
You kill the gnoll!
Trog accepts your kill.
The gnoll throws a stone.
The stone hits you!
The gnoll throws a throwing net.
The throwing net hits you.
You become entangled in the net!
You tear a large gash into the net.
A gnoll sergeant comes into view. It is wielding a +0 spear.
You struggle against the net.
The gnoll throws a stone.
The stone barely misses you.
You rip the net and break free!
The gnoll throws a stone.
The stone hits you but does no damage.
The gnoll throws a stone.
The stone hits you.
You see here a stone.
The gnoll throws a throwing net.
The throwing net barely misses you.
The gnoll throws a boomerang.
The boomerang hits you.
* * * LOW HITPOINT WARNING * * *
The weapon returns to the gnoll!
The gnoll hits you with a +0 club.
* * * LOW HITPOINT WARNING * * *
The gnoll throws a boomerang.
The boomerang hits you!
You die...

###........#.........
#.......##.........
####...#....†......
##.##..........# #
###..####......
.#.####.(## ......
.....#./†.## ...##.
...........##.<.#
....(..@.../....#
.........).......
.......g((.......
........g(.......
.........(...?...
..........gg.....
#................
#.....####...####
#...# ....


You could see 4 gnolls.

Vanquished Creatures
  An ogre (D:5)
  A necrophage (D:5)
  A bullfrog (D:6)
  2 elf zombies (Ossuary)
  A scorpion (D:4)
  A water moccasin skeleton (D:4)
  7 centaur zombies (Ossuary)
  3 hounds
  A jelly (D:6)
  An orc wizard (D:3)
  3 human zombies (Ossuary)
  2 orc priests (D:4)
  2 iguanas
  A worker ant (D:5)
  A hound zombie (D:5)
  3 mummies (Ossuary)
  A worker ant zombie (D:5)
  15 adders
  11 gnolls
  2 shadow imps
  2 oozes (D:3)
  3 worms
  A dart slug (D:1)
  4 leopard geckos
  12 orcs
  A ball python (D:5)
  4 giant cockroaches
  11 goblins
  7 hobgoblins
  5 jackals
  4 quokkas
  A ball python skeleton (D:4)
  10 bats
  8 frilled lizards
  8 kobolds
  A leopard gecko skeleton (D:4)
  7 rats
149 creatures vanquished.

Notes
Turn   | Place    | Note
-------+----------+-------------------------------------------
     0 | D:1      | Froggeryz the Octopode Berserker began the quest for the
                  | Orb.
     0 | D:1      | Reached XP level 1. HP: 16/16 MP: 1/1
    30 | D:1      | Reached skill level 1 in Stealth
    30 | D:1      | Reached XP level 2. HP: 8/21 MP: 2/2
   490 | D:1      | Reached XP level 3. HP: 26/26 MP: 3/3
  1011 | D:2      | Reached skill level 4 in Short Blades
  1011 | D:2      | Reached XP level 4. HP: 15/31 MP: 4/4
  1459 | D:2      | Found a sacrificial altar of Ru.
  1542 | D:2      | Reached ** piety under Trog
  1975 | D:2      | Reached XP level 5. HP: 36/36 MP: 5/5
  2246 | D:3      | Reached skill level 5 in Short Blades
  2637 | D:3      | Found a runed translucent door.
  2642 | D:3      | Noticed murcat's ghost (amateur DEFE)
  2666 | D:3      | Reached XP level 6. HP: 40/42 MP: 6/6
  2731 | D:3      | Reached *** piety under Trog
  2819 | D:3      | Found a stormy altar of Qazlal.
  2827 | D:3      | Found a sparkling altar of Nemelex Xobeh.
  2830 | D:3      | Found a glowing golden altar of the Shining One.
  2842 | D:3      | Found a shadowy altar of Dithmenos.
  3309 | D:3      | Found a bloodstained altar of Trog.
  3330 | D:3      | Reached skill level 6 in Short Blades
  3662 | D:4      | Reached skill level 5 in Stealth
  3967 | D:4      | Reached XP level 7. HP: 37/46 MP: 7/7
  4090 | D:4      | Reached skill level 1 in Shields
  4362 | D:4      | Found a burning altar of Makhleb.
  4375 | D:4      | Reached skill level 7 in Short Blades
  4486 | D:4      | Reached **** piety under Trog
  4948 | D:5      | Entered Level 5 of the Dungeon
  5010 | D:5      | Found a sparkling altar of Nemelex Xobeh.
  5075 | D:5      | Found a sand-covered staircase.
  5080 | Ossuary  | Entered an ossuary
  5316 | Ossuary  | Reached XP level 8. HP: 49/52 MP: 8/8
  5371 | Ossuary  | Reached skill level 8 in Short Blades
  5929 | D:5      | Reached skill level 9 in Short Blades
  5935 | D:5      | Found a shimmering altar of Xom.
  6692 | D:6      | Hit by a boomerang thrown by a gnoll

Illustrated notes

Levels and vault maps discovered:
D:1:      psy_arrival_statuary, layout_basic
D:2:      layout_basic, nicolae_ru_sacrificial_ziggurat
D:3:      layout_basic, grunt_temple_overflow_cloverleaf,
          ebering_ghost_reflecting_pool, hangedman_decor_points,
          trog_hazing_becter
D:4:      layout_loops_corners, makhleb_heckhound_becter, minmay_pentomino_pile
D:5:      layout_basic, lemuel_crystal_altar, enter_ossuary_2,
          nemelex_spade_bored_becter
D:6:      layout_cave_pools, serial_gnoll_camp, gnoll_camp_medium_01,
          gnoll_camp_mini_house, gnoll_camp_medium_02, gnoll_camp_mini_hut,
          uniq_prince_ribbit1

Skill      XL: |  1  2  3  4  5  6  7  8 |
---------------+-------------------------+-----
Stealth        | 1 2 3 4 5 |  5.0
Short Blades   | 4 5 6 7 9 |  9.3
Shields        | 2 4 |  4.5
Fighting       | |  3.0
Dodging        | |  3.0

Action                   |  1- 3 |  4- 6 |  7- 9 || total
-------------------------+-------+-------+-------++-------
Melee: Short sword       |    41 |     2 |       ||    43
       Constrict         |     9 |    32 |    35 ||    76
       Tentacles         |     6 |    32 |    73 ||   111
       Dagger            |       |   142 |   234 ||   376
Invok: Berserk           |       |     3 |     1 ||     4
  Use: Scroll            |       |       |     9 ||     9
 Stab: Sleeping          |     7 |    24 |    14 ||    45
       Distracted        |       |     1 |     2 ||     3
Armor: Skin              |     2 |     7 |     4 ||    13
Dodge: Dodged            |    20 |    62 |    74 ||   156
